 Dungeon Crawl Stone Soup version 0.30-a0-920-g7493c07aab (webtiles) character file.

Game seed: 7352495324974075259

158 HoaS the Shooter (level 5, -2/38 HPs)
             Began as a Formicid Hunter on Mar 21, 2023.
             Killed from afar by Tungsten's ghost (22 damage)
             ... with a stone arrow
             ... on level 3 of the Dungeon.
             The game lasted 00:04:06 (2589 turns).

HoaS the Shooter (Formicid Hunter)                  Turns: 2589, Time: 00:04:07

Health: -2/38      AC:  7    Str: 15    XL:     5   Next: 67%
Magic:  5/5        EV: 12    Int:  9    God:
Gold:   162        SH:  0    Dex: 19    Spells: 4/4 levels left

rFire   . . .      SeeInvis +    a - +0 shortbow (chaos)
rCold   + . .      Faith    .    (no shield)
rNeg    . . .      Spirit   .    c - +0 leather armour
rPois   .          Reflect  .    (helmet unavailable)
rElec   .          Rampage  .    (no cloak)
rCorr   .                        (no gloves)
Will    .....                    (no boots)
Stlth   ++                       (no amulet)
HPRegen 0.26/turn                f - +4 ring of protection
MPRegen 0.09/turn                i - ring of protection from cold

@: no status effects
A: permanent stasis, dig shafts and tunnels, antennae 3, four strong arms
a: Dig, Shaft Self


You were on level 3 of the Dungeon.
You visited 1 branch of the dungeon, and saw 3 of its levels.

You collected 162 gold pieces.

Inventory:

Hand Weapons
 a - a +0 shortbow of chaos (weapon)
Armour
 c - a +0 leather armour (worn)
Jewellery
 f - a +4 ring of protection (left hand)
 i - a ring of protection from cold (right hand)
Wands
 k - a wand of acid (9)
Scrolls
 b - a scroll of immolation
Potions
 d - 3 potions of curing
 e - a potion of lignification
 g - a potion of ambrosia {unknown}
 h - 2 potions of mutation {unknown}
 j - a potion of brilliance {unknown}


   Skills:
 - Level 2.1 Fighting
 + Level 6.5 Ranged Weapons
 - Level 1.7 Dodging
 - Level 1.2 Stealth


You had 4 spell levels left.
You didn't know any spells.
Your spell library contained the following spells:

 Spells                   Type           Power      Damage    Failure   Level
 Ensorcelled Hibernation  Hex/Ice        0%         N/A       58%         2
 Spider Form              Tmut/Pois      0%         N/A       83%         3
 Anguish                  Hex/Necr       0%         N/A       99%         4


Dungeon Overview and Level Annotations

Branches:
Dungeon (3/15)

Altars:

Annotations:
D:3 1 transporter, Tungsten's ghost, amateur GrEE


Innate Abilities, Weirdness & Mutations

You cannot be hasted, slowed, berserked, paralysed or teleported.
You can dig through walls and to a lower floor.
You have a pair of large antennae on your head. (SInv)
Your four strong arms can wield two-handed weapons with a shield.


Message History

The blast of sand misses you.
The hobgoblin hits you but does no damage.
Tungsten's ghost attacks as you move away!
Tungsten's ghost hits you but does no damage.
You see here 17 gold pieces.
Tungsten's ghost attacks as you move away!
Tungsten's ghost hits you but does no damage.
Tungsten's ghost casts a spell at you.
The blast of sand hits you but does no damage.
You shoot an arrow.
The arrow hits Tungsten's ghost but does no damage.
Tungsten's ghost is lightly damaged.
You shoot an arrow. The arrow hits Tungsten's ghost!
The arrow freezes Tungsten's ghost.
Tungsten's ghost is moderately damaged.
Tungsten's ghost hits you but does no damage.
You shoot an arrow.
The arrow closely misses Tungsten's ghost.
Tungsten's ghost gestures at you while chanting.
The stone arrow hits you! The hobgoblin misses you.
The worm bites you but does no damage.
You shoot an arrow.
The arrow hits Tungsten's ghost but does no damage.
Tungsten's ghost is moderately damaged.
Tungsten's ghost hits you.
The hobgoblin hits you but does no damage.
The worm closely misses you. Tungsten's ghost hits you.
The hobgoblin closely misses you.
You shoot an arrow.
The arrow closely misses Tungsten's ghost.
Tungsten's ghost barely misses you.
The hobgoblin hits you but does no damage.
You shoot an arrow.
The arrow hits Tungsten's ghost but does no damage.
Tungsten's ghost is moderately damaged.
The worm bites you. Tungsten's ghost casts a spell at you.
The stone arrow hits you!!
Ouch! That really hurt!
You die...

#..##8.....8##.....[.....#
#..#.........#..########.#
#..#.........#......# #.#
#..#.........#......####.#
#.)#....©....#...........#
#..#....)$...#.......#####
#..#.........#...........#
#..#©....gWw?#...........##
#..##8.):.@8##...........'.
#...#########...#.##<....##
#.......©.......#.##.....#
##................##.....#
#######........####.....#
########## #.....# #######


You could see a worm, Tungsten's ghost and a hobgoblin.

Vanquished Creatures
  Jessica (D:2)
  Terence (D:2)
  5 adders
  A worm (D:2)
  2 dart slugs (D:2)
  An orc (D:2)
  4 endoplasms
  2 giant cockroaches
  7 goblins
  3 hobgoblins
  A quokka (D:3)
  7 ball pythons
  8 bats
  4 frilled lizards
  4 kobolds
  6 rats
57 creatures vanquished.

Vanquished Creatures (others)
  A ball python zombie (D:3)
1 creature vanquished.

Grand Total: 58 creatures vanquished

Notes
Turn   | Place    | Note
-------+----------+-------------------------------------------
     0 | D:1      | HoaS the Formicid Hunter began the quest for the Orb.
     0 | D:1      | Reached XP level 1. HP: 16/16 MP: 1/1
   309 | D:1      | Reached XP level 2. HP: 22/22 MP: 2/2
   797 | D:2      | Reached XP level 3. HP: 26/27 MP: 3/3
   847 | D:2      | Reached skill level 5 in Ranged Weapons
  1060 | D:2      | Reached XP level 4. HP: 33/33 MP: 4/4
  1397 | D:2      | Noticed Jessica
  1401 | D:2      | Killed Jessica
  1731 | D:2      | Noticed Terence
  1739 | D:2      | Killed Terence
  1740 | D:2      | Reached skill level 6 in Ranged Weapons
  1740 | D:2      | Reached XP level 5. HP: 38/38 MP: 5/5
  2059 | D:3      | Found a transporter.
  2059 | D:3      | Noticed Tungsten's ghost (amateur GrEE)
  2079 | D:3      | Found a transporter.
  2197 | D:3      | Identified the +0 robe of Elyvilon's Supremacy {rN+ Int+3}
  2473 | D:3      | Identified the +1 scale mail of Biofo {rPois}
  2589 | D:3      | Killed from afar by Tungsten's ghost

Illustrated notes

Levels and vault maps discovered:
D:1:      dpeg_arrival_pond, layout_basic, grunt_decor_fettered
D:2:      minmay_wonky_spiral, layout_loops_corners,
          chequers_serial_rivers_large_a, uniq_jessica, uniq_terence
D:3:      layout_basic, gammafunk_ghost_arena

Skill      XL: |  1  2  3  4 |
---------------+-------------+-----
Ranged Weapons | 5 6 |  6.5
Fighting       | |  2.1
Dodging        | |  1.7
Stealth        | |  1.2

Action                     |  1- 3 |  4- 6 || total
---------------------------+-------+-------++-------
   Fire: Shortbow          |    62 |    93 ||   155
    Use: Scroll            |     2 |     5 ||     7
 Armour: Leather armour    |     6 |    18 ||    24
  Dodge: Dodged            |    11 |    51 ||    62

Table legend: (Time is in decaauts)
 A = Elapsed time spent in this place.
 B = Non-inter-level travel time spent in this place.
 C = Inter-level travel time spent in this place.
 D = Time resting spent in this place.
 E = Time spent auto-exploring this place.
 F = Levels seen in this place.
 G = Mean time per level.
                   A        B        C        D        E       F      G
               +--------+--------+--------+--------+--------+-----+--------+
         Total |   2644 |   2549 |     95 |    298 |   1880 |   3 |  881.3 |
       Dungeon |   2644 |   2549 |     95 |    298 |   1880 |   3 |  881.3 |
               +--------+--------+--------+--------+--------+-----+--------+

Top non-repeatable levels by time:
     D:2: 1272 daAuts
     D:1: 798 daAuts
     D:3: 574 daAuts
